 Dungeon Crawl Stone Soup version 0.24.1 (webtiles) character file.

Game seed: 17922585428914596150, levelgen mode: deterministic

2516 Peloso the Carver (level 9, -11/75 HPs)
             Began as a Minotaur Fighter on Apr 7, 2020.
             Killed from afar by Harold (15 damage)
             ... with an iceblast
             ... on level 8 of the Dungeon.
             The game lasted 00:14:32 (5493 turns).

Peloso the Carver (Minotaur Fighter)                Turns: 5493, Time: 00:14:33

Health: -11/75     AC: 16    Str: 23    XL:     9   Next: 29%
Magic:  17/17      EV:  6    Int:  5    God:
Gold:   383        SH: 12    Dex: 11    Spells: 8/8 levels left

rFire    . . .     SeeInvis .   a - +0 long sword
rCold    . . .     Gourm    .   c - +1 shield
rNeg     . . .     Faith    .   y - +0 plate armour
rPois    .         Spirit   .   (helmet restricted)
rElec    .         Reflect  .   G - +0 cloak
rCorr    .         Harm     .   B - +0 pair of gloves
MR       .....     Rnd*Tele +   (no boots)
Stlth    ..........             r - amulet of regeneration
HPRegen  0.62/turn              E - ring of teleportation (curse)
MPRegen  0.15/turn              I - ring of magical power

@: marked, very slightly contaminated, invisible
A: retaliatory headbutt, horns 2
a: no special abilities


You were on level 8 of the Dungeon.
You were not hungry.

You visited 2 branches of the dungeon, and saw 9 of its levels.

You collected 383 gold pieces.

Inventory:

Hand Weapons
 a - a +0 long sword (weapon)
Armour
 b - a +0 scale mail
 c - a +1 shield (worn)
 t - a +0 chain mail
 y - a +0 plate armour (worn)
 B - a +0 pair of gloves (worn)
 G - a +0 cloak (worn)
Jewellery
 m - an uncursed amulet of the gourmand
 o - an uncursed amulet of faith
 r - an amulet of regeneration (around neck)
 E - a cursed ring of teleportation (left hand)
 I - a ring of magical power (right hand)
Wands
 k - a wand of flame (12)
 C - a wand of polymorph (12)
 D - a wand of random effects (19)
Scrolls
 e - a scroll of magic mapping
 h - 4 scrolls of remove curse
 i - 2 scrolls of amnesia
 j - a scroll of immolation {unknown}
 l - 2 scrolls of enchant armour
 n - a scroll of noise {unknown}
 p - 2 scrolls of enchant weapon
 s - 4 scrolls of teleportation
 u - a scroll of holy word {unknown}
 x - 2 scrolls of fear {unknown}
 H - a scroll of blinking {unknown}
 J - a scroll of random uselessness {unknown}
 L - a scroll of identify
Potions
 d - a potion of might
 g - 4 potions of resistance
 q - 2 potions of flight
 v - a potion of mutation
 w - a potion of brilliance
 z - 2 potions of invisibility
 A - 2 potions of curing {unknown}
 F - a potion of cancellation {unknown}
 K - a potion of berserk rage {unknown}
Comestibles
 f - 8 rations
 M - 6 chunks of flesh


   Skills:
 + Level 6.0 Fighting
 + Level 9.4 Long Blades
 + Level 8.2 Armour
 + Level 2.7 Dodging
 + Level 0.8 Stealth
 + Level 7.9 Shields
 + Level 1.3 Unarmed Combat
 + Level 0.7 Evocations


You had 8 spell levels left.
You didn't know any spells.
Your spell library was empty.

Dungeon Overview and Level Annotations

Branches:
Dungeon (8/15)             Temple (1/1) D:6
   Lair: D:8-11

Altars:
Ashenzari
Cheibriados
Dithmenos
Elyvilon
Fedhas
Hepliaklqana
Kikubaaqudgha
Nemelex Xobeh
Qazlal
Ru
Uskayaw
Wu Jian
Xom
Yredelemnul
Zin
The Shining One

Shops:
D:7 }

Annotations:
D:8 Harold


Innate Abilities, Weirdness & Mutations

You reflexively headbutt those who attack you in melee.
You have a pair of horns on your head.


Message History

Harold gestures at you while chanting.
You barely resist. You hit Harold. You headbutt Harold!
Harold is almost dead.
Harold hits you with a +0 scimitar!
* * * LOW HITPOINT WARNING * * *
You slash Harold! Your headbutt misses Harold.
Harold is almost dead.
You barely miss Harold.
Harold is almost dead.
Harold points at you and mumbles some strange words.
A sentinel's mark forms upon you.
It was a potion of invisibility.
You fade into invisibility!
Harold hits you with a +0 scimitar!
* * * LOW HITPOINT WARNING * * *
You are very lightly contaminated with residual magic.
Okay, then.
Harold zaps a wand.
The mass of ice explodes!
The iceblast engulfs you!
You die...

... .....## #. ...
......# ###. ...
......# ##...# #.#
..#:..#
#.....##.##......#
.......#.#........
.......#.#.......#
...>...#@#<#.....
#.................
.......@...#?.....
..........##......
........#... .####
#.....#.#.#....
##..........#.##
###.##...### # ..
.....


You could see Harold.

Vanquished Creatures
  Pikel (D:4)
  Grinder (D:6)
  Menkaure (D:4)
  A water moccasin (D:6)
  Duvessa (D:6)
  2 orc warriors
  An ice beast (D:7)
  A centaur (D:7)
  2 ogres
  3 bullfrogs
  Dowan (D:6)
  A scorpion (D:6)
  A howler monkey (D:6)
  A bullfrog zombie (D:6)
  A centaur zombie (D:7)
  A jelly (D:7)
  An orc priest (D:4)
  9 orc wizards
  A centaur skeleton (D:6)
  2 iguanas
  Crazy Yiuf (D:6)
  2 worker ants (D:5)
  5 adders
  An ooze (D:2)
  3 worms
  A dart slug (D:1)
  6 leopard geckos
  13 orcs
  A ball python (D:4)
  8 bats
  4 giant cockroaches
  6 goblins
  A hobgoblin (D:1)
  6 jackals (D:1)
  3 kobolds (D:1)
  2 quokkas
  A ball python zombie (D:5)
  5 frilled lizards
  A jackal zombie (D:5)
  A leopard gecko zombie (D:2)
  5 rats
109 creatures vanquished.

Vanquished Creatures (others)
  2 slaves (D:4)
  An orc wizard (D:4)
  A worker ant (D:4)
  A leopard gecko (D:4)
  2 orcs (D:4)
7 creatures vanquished.

Grand Total: 116 creatures vanquished

Notes
Turn   | Place    | Note
-------+----------+-------------------------------------------
     0 | D:1      | Peloso the Minotaur Fighter began the quest for the Orb.
     0 | D:1      | Reached XP level 1. HP: 19/19 MP: 0/0
   194 | D:1      | Reached XP level 2. HP: 27/27 MP: 1/1
   958 | D:2      | Reached XP level 3. HP: 33/33 MP: 2/2
  1270 | D:2      | Reached skill level 3 in Long Blades
  1509 | D:3      | Reached XP level 4. HP: 40/40 MP: 3/3
  1521 | D:3      | You fall into a shaft and drop 1 floor!
  1532 | D:4      | Noticed a bullfrog
  1541 | D:4      | Killed a bullfrog
  1565 | D:3      | Reached skill level 5 in Shields
  1565 | D:3      | Reached XP level 5. HP: 34/47 MP: 4/4
  2249 | D:4      | Reached skill level 1 in Dodging
  2265 | D:4      | Reached skill level 4 in Long Blades
  2265 | D:4      | Noticed Menkaure
  2360 | D:4      | Killed Menkaure
  2360 | D:4      | Reached XP level 6. HP: 22/53 MP: 5/5
  2557 | D:4      | Noticed Pikel
  2557 | D:4      | Noticed a slave
  2557 | D:4      | Noticed a slave
  2557 | D:4      | Noticed a slave
  2567 | D:4      | Noticed a slave
  2586 | D:4      | Killed Pikel
  2586 | D:4      | Reached skill level 5 in Fighting
  2586 | D:4      | Reached skill level 6 in Long Blades
  2586 | D:4      | Reached skill level 5 in Armour
  2586 | D:4      | Reached XP level 7. HP: 31/61 MP: 6/6
  2786 | D:5      | Entered Level 5 of the Dungeon
  2808 | D:5      | Reached skill level 7 in Long Blades
  2973 | D:5      | Found a glowing golden altar of the Shining One.
  3419 | D:6      | Noticed Dowan
  3443 | D:5      | Reached XP level 8. HP: 67/68 MP: 7/7
  3552 | D:6      | Noticed Duvessa
  3708 | D:6      | Killed Duvessa
  3708 | D:6      | Reached skill level 8 in Long Blades
  3720 | D:6      | Killed Dowan
  3739 | D:6      | Found a staircase to the Ecumenical Temple.
  3769 | Temple   | Entered the Ecumenical Temple
  3969 | D:6      | Reached skill level 1 in Unarmed Combat
  4077 | D:6      | Noticed Grinder
  4101 | D:6      | Killed Grinder
  4405 | D:6      | Found a runed translucent door.
  4406 | D:6      | Noticed Crazy Yiuf
  4482 | D:6      | Killed Crazy Yiuf
  4604 | D:7      | Reached XP level 9. HP: 75/75 MP: 8/8
  4646 | D:7      | Reached skill level 9 in Long Blades
  4721 | D:7      | Found Luhics's Gadget Shop.
  5130 | D:8      | Noticed Harold
  5492 | D:8      | HP: 3/75 [Harold/+0 scimitar (11)]
  5493 | D:8      | Killed from afar by Harold

Levels and vault maps discovered:
D:1:      minmay_arrival_hallway, layout_loops_corners
D:2:      layout_basic
D:3:      layout_loops_ring, first_ration, chequers_serial_rivers_micro_c,
          kennysheep_generic_room_5
D:4:      layout_basic, minmay_misc_feat_plants, uniq_pikel, uniq_menkaure
D:5:      layout_basic, tso_altar
D:6:      layout_loops_cross, minmay_temple_entry_waves, uniq_grinder,
          uniq_duvessa, uniq_crazy_yiuf_cottage
D:7:      layout_loops_ring, serial_shops, nicolae_shop_statue_plus
D:8:      cheibrodos_two_vegetables, layout_rooms, minmay_overflow_temple_hex,
          uniq_harold
Temple:   compressed_dpeg_circular_temple

Skill      XL: |  1  2  3  4  5  6  7  8  9 |
---------------+----------------------------+-----
Shields        | 4 5 6 7 |  7.9
Armour         | 4 5 7 8 |  8.2
Fighting       | 4 5 6 |  6.0
Long Blades    | 3 4 6 7 8 9 |  9.4
Dodging        | 1 2 |  2.7
Unarmed Combat | 1 |  1.3
Stealth        | |  0.8
Evocations     | |  0.7

Action                   |  1- 3 |  4- 6 |  7- 9 || total
-------------------------+-------+-------+-------++-------
Melee: Long sword        |    77 |    98 |   241 ||   416
       Headbutt          |    10 |    12 |    55 ||    77
       Unarmed           |       |       |    11 ||    11
Evoke: Wand              |       |       |     5 ||     5
  Use: Potion            |     3 |     2 |     2 ||     7
       Scroll            |       |     4 |     4 ||     8
  Eat: Chunk             |     1 |     6 |     9 ||    16
Armor: Scale mail        |    39 |    32 |    11 ||    82
       Plate armour      |       |       |    88 ||    88
       Chain mail        |       |       |     1 ||     1
       Skin              |       |       |     1 ||     1
Dodge: Dodged            |    28 |    29 |    41 ||    98
Block: Shield            |    44 |    47 |   124 ||   215
       Rpst.: Long sword |     7 |     8 |    11 ||    26
